 Dungeon Crawl Stone Soup version 0.30.1-11-g7821555f0a (webtiles) character file.

Game seed: 5293128629033901823

78 safid the Chiller (level 4, 0/33 HPs)
             Began as a Merfolk Ice Elementalist on Nov 9, 2023.
             Slain by an orc
             ... wielding a +0 trident
              (9 damage)
             ... on level 3 of the Dungeon.
             The game lasted 00:02:24 (2215 turns).

safid the Chiller (Merfolk Ice Elementalist)        Turns: 2215, Time: 00:02:24

Health: 0/33       AC:  2    Str:  8    XL:     4   Next: 36%
Magic:  3/8        EV: 12    Int: 16    God:
Gold:   143        SH:  0    Dex: 14    Spells: 1/8 levels left

rFire   . . .        c - +2 dagger (flame)
rCold   . . .        (no shield)
rNeg    . . .        a - +0 robe
rPois   .            (no helmet)
rElec   .            (no cloak)
rCorr   .            (no gloves)
SInv    .            (no boots)
Will    .....        (no amulet)
Stlth   ++           (no ring)
HPRegen 0.25/turn    (no ring)
MPRegen 0.11/turn

%: no passive effects
@: no status effects
A: (nimble swimmer 2), mertail
a: no special abilities


You were on level 3 of the Dungeon.
You visited 1 branch of the dungeon, and saw 3 of its levels.

You collected 143 gold pieces.

Inventory:

Hand Weapons
 c - a +2 dagger of flaming (weapon)
Armour
 a - a +0 robe (worn)
Jewellery
 l - a ring of wizardry
Scrolls
 d - a scroll of noise {unknown}
 e - 2 scrolls of poison {unknown}
 f - 6 scrolls of identify {unknown}
 g - a scroll of enchant armour {unknown}
 h - 2 scrolls of fog {unknown}
 j - 2 scrolls of silence {unknown}
 k - 4 scrolls of teleportation {unknown}
 m - a scroll of immolation {unknown}
 n - a scroll of magic mapping {unknown}
 q - a scroll of fear {unknown}
 r - a scroll of torment {unknown}
Potions
 b - a potion of magic
 i - 5 potions of curing {unknown}
 o - 2 potions of attraction {unknown}
 p - a potion of mutation {unknown}
 s - a potion of lignification {unknown}
 t - a potion of flight {unknown}


   Skills:
 + Level 2.2 Fighting
 - Level 2.6 Dodging
 - Level 2.1 Stealth
 + Level 2.8 Spellcasting
 + Level 5.1 Ice Magic


You had one spell level left.
You knew the following spells:

 Your Spells              Type           Power      Damage    Failure   Level
a - Freeze                Ice            72%        1d8       2%          1
b - Frozen Ramparts       Ice            36%        1d6       7%          3
c - Ozocubu's Armour      Ice            18%        N/A       7%          3

Your spell library contained the following spells:

 Spells                   Type           Power      Damage    Failure   Level
 Summon Ice Beast         Ice/Summ       10%        N/A       54%         4


Dungeon Overview and Level Annotations

Branches:
Dungeon (3/15)

Altars:
Ru


Innate Abilities, Weirdness & Mutations

((You are very nimble when in or above water. (Stealth+, EV+, Speed+++)))
Your lower body shifts to a powerful aquatic tail in water.


Message History

You freeze the orc.
The orc is almost dead.
The orc hits you with a +0 club.
Unknown command.
Casting: Freeze (safe; 2% risk of failure)
Confirm with . or Enter, or press ? or * to list all spells.
Aiming: Freeze (safe; 2% risk of failure)
Press: ? - help, Shift-Dir - straight line, f/p - orc
Aim: an orc, wielding a +0 club (almost dead)
You freeze the orc!
You kill the orc!
An orc comes into view. It is wielding a +0 war axe.
Unknown command.
Casting: Freeze (safe; 2% risk of failure)
Confirm with . or Enter, or press ? or * to list all spells.
The spell is quite dangerous to miscast (7% risk of failure)!
Continue anyway? [Y]es or [N]o only, please.
The spell is quite dangerous to miscast (7% risk of failure)!
Continue anyway?
Casting: Frozen Ramparts (quite dangerous; 7% risk of failure)
Press: ? - help, Dir - look around, f - activate The walls around you are covered in ice.
An orc comes into view. It is wielding a +0 trident.
The wall freezes the orc.
You are too injured to fight recklessly!
Unknown command.
You hit the orc. You burn the orc.
The orc is almost dead.
An orc priest comes into view. It is wielding a +0 flail.
The wall freezes the orc.
You kill the orc!
The orc barely misses you.
Unknown command.
Unknown command.
Your frozen ramparts will break if you move.
Continue?
The frozen ramparts melt away as you move.
The orc hits you with a +0 trident.
* * * LOW HITPOINT WARNING * * *
Items here: ))) ††.
You barely miss the orc. The orc hits you with a +0 trident!
You die...

#...........#.##..#
#....†......#.. ....
#...........####....
#####............ ..
#.......o##..
#........# .###
#........# ...
######.#)##.#.#
#.#))@...#
#.#...o###
#.........
###########


You could see an orc.

Vanquished Creatures
  An adder (D:3)
  3 dart slugs (D:1)
  6 orcs (D:3)
  3 endoplasms
  3 goblins
  4 hobgoblins
  2 jackals (D:2)
  7 kobolds
  3 quokkas
  4 ball pythons
  8 bats
  3 frilled lizards
  5 rats
52 creatures vanquished.

Notes
Turn   | Place    | Note
-------+----------+-------------------------------------------
     0 | D:1      | safid the Merfolk Ice Elementalist began the quest for the
                  | Orb.
     0 | D:1      | Reached XP level 1. HP: 13/13 MP: 3/3
   128 | D:1      | Reached XP level 2. HP: 15/20 MP: 5/5
   212 | D:1      | Reached skill level 1 in Fighting
   715 | D:2      | Reached XP level 3. HP: 26/26 MP: 6/6
  1965 | D:3      | Found a sacrificial altar of Ru.
  2036 | D:3      | Reached skill level 5 in Ice Magic
  2036 | D:3      | Reached XP level 4. HP: 30/33 MP: 4/8
  2115 | D:3      | Learned a level 3 spell: Frozen Ramparts
  2119 | D:3      | Learned a level 3 spell: Ozocubu's Armour
  2215 | D:3      | Slain by an orc

Illustrated notes

Levels and vault maps discovered:
D:1:      minmay_arrival_plants_in_alcoves, layout_basic,
          nicolae_concentric_dashed_squares_wild
D:2:      layout_basic
D:3:      layout_basic, lemuel_tele_altar, dk_noncrumbling_2

Skill      XL: |  1  2  3 |
---------------+----------+-----
Fighting       | 1 2 |  2.2
Ice Magic      | 5 |  5.1
Dodging        | |  2.6
Stealth        | |  2.1
Spellcasting   | |  2.8

Action                     |  1- 3 |  4- 6 || total
---------------------------+-------+-------++-------
  Melee: Dagger            |    99 |    18 ||   117
         Unarmed           |     1 |       ||     1
         Punch             |     2 |     1 ||     3
   Cast: Freeze            |    14 |     3 ||    17
         Frozen Ramparts   |       |     3 ||     3
   Stab: Sleeping          |     5 |       ||     5
 Armour: Robe              |    24 |     2 ||    26
  Dodge: Dodged            |    81 |     7 ||    88
